 Dungeon Crawl Stone Soup version 0.30-a0-1074-g5db6f66fbb (webtiles) character file.

Game seed: 7687288431920938228

114 Dittersdorf the Trooper (level 4, 0/29 HPs)
             Began as a Gargoyle Fighter on Apr 13, 2023.
             Killed by nerve-wracking pain
             ... invoked by Grinder
              (4 damage)
             ... while paralysed by Grinder
             ... on level 3 of the Dungeon.
             The game lasted 00:01:47 (1396 turns).

Dittersdorf the Trooper (Gargoyle Fighter)          Turns: 1396, Time: 00:01:48

Health: 0/29       AC: 10    Str: 21    XL:     4   Next: 98%
Magic:  4/4        EV:  2    Int:  9    God:
Gold:   115        SH:  0    Dex:  9    Spells: 3/3 levels left

rFire   . . .      SeeInvis .    a - +0 flail
rCold   . . .      Faith    .    c - +0 buckler
rNeg    + . .      Spirit   .    b - +0 scale mail
rPois   ∞          Reflect  .    (no helmet)
rElec   +          Rampage  .    (no cloak)
rCorr   .                        (no gloves)
Will    .....                    (no boots) Stlth
                                 (no amulet)
HPRegen 0.24/turn                (no ring)
MPRegen 0.09/turn                (no ring)

@: paralysed
A: sickness immunity, AC +3, negative energy resistance 1, electricity
resistance, torment resistance 1, petrification resistance
a: no special abilities


You were on level 3 of the Dungeon.
You visited 1 branch of the dungeon, and saw 3 of its levels.

You collected 115 gold pieces.

Inventory:

Hand Weapons
 a - a +0 flail (weapon)
Missiles
 e - 16 poisoned darts (quivered)
Armour
 b - a +0 scale mail (worn)
 c - a +0 buckler (worn)
Wands
 k - a wand of flame (25)
Scrolls
 g - 2 scrolls of teleportation {unknown}
 h - a scroll of vulnerability {unknown}
 j - a scroll of blinking {unknown}
 m - a scroll of identify {unknown}
 n - a scroll of noise {unknown}
 r - a scroll of enchant weapon {unknown}
 s - a scroll of immolation {unknown}
 t - a scroll of silence {unknown}
Potions
 d - 4 potions of might
 f - a potion of invisibility {unknown}
 i - a potion of attraction {unknown}
 l - 2 potions of curing {unknown}
 o - a potion of haste {unknown}
 p - 2 potions of heal wounds {unknown}
 q - a potion of mutation {unknown}


   Skills:
 + Level 4.1 Fighting
 + Level 3.0 Maces & Flails
 + Level 4.1 Armour
 + Level 4.1 Shields


You had 3 spell levels left.
You didn't know any spells.
Your spell library contained the following spells:

 Spells                   Type           Power      Damage    Failure   Level
 Apportation              Tloc           0%         N/A       80%         1
 Freeze                   Ice            0%         1d3       80%         1
 Kiss of Death            Conj/Necr      0%         2d5       80%         1
 Necrotise                Necr           0%         1d4       80%         1
 Summon Small Mammal      Summ           0%         N/A       80%         1
 Poisonous Vapours        Pois/Air       0%         N/A       91%         2
 Confusing Touch          Hex            0%         N/A       99%         3
 Frozen Ramparts          Ice            0%         1d1       99%         3
 Hailstorm                Conj/Ice       0%         3d3       99%         3
 Mephitic Cloud           Conj/Pois/Air  0%         N/A       99%         3
 Volatile Blastmotes      Fire/Tloc      0%         2d10      99%         3
 Dispel Undead            Necr           0%         3d6       100%        4
 Fulminant Prism          Conj/Hex       0%         3d5       100%        4
 Iskenderun's Mystic Bla  Conj/Tloc      0%         2d3       100%        4
 Freezing Cloud           Conj/Ice/Air   0%         6-21      100%        5
 Lee's Rapid Deconstruct  Erth           0%         3d4*      100%        5


Dungeon Overview and Level Annotations

Branches:
Dungeon (3/15)

Altars:
Hepliaklqana

Annotations:
D:3 Grinder


Innate Abilities, Weirdness & Mutations

You are immune to sickness and miasma.
Your stone body is resilient. (AC +3)
You are immune to poison.
You resist negative energy. (rN+)
You are resistant to electric shocks. (rElec)
You are resistant to unholy torment.
You are immune to petrification.


Message History

You closely miss Grinder.
Grinder blinks!
Grinder hits you.
You writhe in agony.
You hit Grinder.
Grinder is lightly wounded.
Grinder hits you but does no damage.
You closely miss Grinder.
Grinder is lightly wounded.
Grinder hits you.
You sock Grinder!
Grinder is moderately wounded.
Grinder blinks!
You start resting.
Grinder is nearby!
Grinder is nearby!
Grinder gestures at you. Pain shoots through your body! Grinder hits you.
You writhe in agony.
You hit Grinder.
Grinder is heavily wounded.
Grinder gestures at you. You resist with significant effort.
You barely miss Grinder.
Grinder is moderately wounded.
Grinder barely misses you.
You closely miss Grinder.
Grinder is moderately wounded.
Grinder hits you.
* * * LOW HITPOINT WARNING * * *
You writhe in agony.
* * * LOW HITPOINT WARNING * * *
Grinder barely misses you.
You hit Grinder.
Grinder is heavily wounded.
Grinder gestures at you.
You suddenly lose the ability to move!
Grinder hits you but does no damage. x2
Grinder completely misses you. Grinder gestures at you.
Pain shoots through your body!
You die...

......≈.... ≈≈≈.≈≈≈≈....
.........#.# ≈≈≈.≈≈≈≈.#.#
.......≈.#.# .≈≈.≈≈5≈)#.#
.≈...≈.).#.# ≈≈._.≈≈≈.#.#
.?....†.§#@################
.........5?................
###########################


You could see Grinder.

Vanquished Creatures
  Jessica (D:3)
  4 adders
  3 dart slugs (D:2)
  An orc (D:3)
  4 ball pythons
  3 bats
  An endoplasm (D:2)
  6 goblins
  3 hobgoblins
  4 jackals (D:2)
  3 kobolds
  4 quokkas
  3 frilled lizards
  3 rats
43 creatures vanquished.

Notes
Turn   | Place    | Note
-------+----------+-------------------------------------------
     0 | D:1      | Dittersdorf the Gargoyle Fighter began the quest for the
                  | Orb.
     0 | D:1      | Reached XP level 1. HP: 14/14 MP: 1/1
    65 | D:1      | Reached XP level 2. HP: 16/19 MP: 2/2
   514 | D:2      | Reached XP level 3. HP: 24/24 MP: 3/3
  1035 | D:2      | Reached XP level 4. HP: 29/29 MP: 4/4
  1349 | D:3      | Found a hazy altar of Hepliaklqana.
  1349 | D:3      | Noticed Jessica
  1351 | D:3      | Noticed Grinder
  1367 | D:3      | Killed Jessica
  1371 | D:3      | Paralysed by Grinder for 4 turns
  1392 | D:3      | Paralysed by Grinder for 5 turns
  1396 | D:3      | Killed from afar by Grinder

Illustrated notes

Levels and vault maps discovered:
D:1:      minmay_arrival_four_houses, layout_basic
D:2:      layout_loops_ring, grunt_decor_arrowhead
D:3:      layout_basic, mainiacjoe_overflow_large_starburst, uniq_grinder,
          uniq_sigmund, uniq_jessica

Skill      XL: |  1  2  3  4 |
---------------+-------------+-----
Armour         | 4 |  4.1
Shields        | 4 |  4.1
Fighting       | 4 |  4.1
Maces & Flails | 3 |  3.0

Action                     |  1- 3 |  4- 6 || total
---------------------------+-------+-------++-------
  Melee: Flail             |    95 |    62 ||   157
 Armour: Scale mail        |    54 |    44 ||    98
  Dodge: Dodged            |    41 |    40 ||    81
  Block: Buckler           |    19 |    13 ||    32

Table legend: (Time is in decaauts)
 A = Elapsed time spent in this place.
 B = Non-inter-level travel time spent in this place.
 C = Inter-level travel time spent in this place.
 D = Time resting spent in this place.
 E = Time spent auto-exploring this place.
 F = Levels seen in this place.
 G = Mean time per level.
                   A        B        C        D        E       F      G
               +--------+--------+--------+--------+--------+-----+--------+
         Total |   1450 |   1407 |     43 |      5 |   1022 |   3 |  483.3 |
       Dungeon |   1450 |   1407 |     43 |      5 |   1022 |   3 |  483.3 |
               +--------+--------+--------+--------+--------+-----+--------+

Top non-repeatable levels by time:
     D:2: 689 daAuts
     D:1: 504 daAuts
     D:3: 256 daAuts
